AoeStats
← kkkg

Arena

508635488Analyzed
3v3 RM · 9d ago on Sep 23, 2026· 14m 8s· 6 players
Game mode
Random Map
Map size
Normal (6 player)
Population
200
Speed
Normal
Resources
Standard
Victory
Conquest
Starting age
Dark Age
Ending age
Imperial Age
RankedLock teamsTeams togetherTeam positionsShared explorationLock speedFull tech treeHidden civsTurbo modeCheats
Victory
Defeat
🇻🇳 Vikings · Vietnam
1148
+14
🇨🇦 Spanish · Canada
1038
+19
🇨🇳 Tatars · China
954
+22
🇰🇷 Ethiopians · South Korea
1144
-20
1087
-18
🇨🇳 Turks · China
1069
-17
我是小菜鸡
10:48 Feudal Age
15:18 Castle Age
13:42 Double-Bit Axe
Alpenhime
10:23 Feudal Age
11:21 Loom
14:32 Castle Age
12:40 Double-Bit Axe
13:38 Horse Collar
古巴比伦掌管迷糊的神
11:54 Feudal Age
12:59 Double-Bit Axe
15:41 Castle Age
13:38 Horse Collar
vegeta361287249
0:48 Loom
10:34 Feudal Age
15:54 Castle Age
kkkg
10:51 Feudal Age
12:41 Wheelbarrow
15:02 Castle Age
13:26 Double-Bit Axe
SkyBlue$
11:04 Feudal Age
14:50 Castle Age
12:42 Double-Bit Axe
12:57 Horse Collar
Connection lost

Rejoining the realm…

Still unreachable

The connection could not be restored.

Session expired

The server has moved on; the page needs a fresh start.